 Dungeon Crawl Stone Soup version 0.28-a0-43-g560ac104fe (webtiles) character file.

Game seed: 4941415498649569854

251 gruber the Covered (level 5, -2/45 HPs)
             Began as a Minotaur Fighter on July 28, 2021.
             Succumbed to an orc wizard's poison
             ... on level 3 of the Dungeon.
             The game lasted 00:02:11 (2276 turns).

gruber the Covered (Minotaur Fighter)               Turns: 2276, Time: 00:02:12

Health: -2/45      AC:  8    Str: 22    XL:     5   Next: 88%
Magic:  4/4        EV:  8    Int:  5    God:
Gold:   48         SH:  9    Dex:  9    Spells: 4/4 levels left

rFire   . . .      SeeInvis .   a - +0 long sword
rCold   . . .      Faith    .   c - +0 kite shield
rNeg    + . .      Spirit   .   i - +2 ring mail {rN+}
rPois   .          Reflect  .   (helmet restricted)
rElec   .          Harm     .   (no cloak)
rCorr   .          Rampage  .   (no gloves)
Will    .....                   (no boots)
Stlth   ..........              (no amulet)
HPRegen 0.15/turn               (no ring)
MPRegen 0.09/turn               (no ring)

@: brilliant, lethally poisoned (-2 -> -16)
A: horns 2, retaliatory headbutt
a: no special abilities


You were on level 3 of the Dungeon.
You visited 1 branch of the dungeon, and saw 3 of its levels.

You collected 48 gold pieces.

Inventory:

Hand Weapons
 a - a +0 long sword (weapon)
Missiles
 f - a throwing net (quivered)
Armour
 c - a +0 kite shield (worn)
 i - a +2 ring mail of positive energy (worn)
Jewellery
 j - a ring of wizardry
Wands
 l - a wand of polymorph (10)
Scrolls
 e - 2 scrolls of blinking {unknown}
 k - a scroll of identify {unknown}
Potions
 b - a potion of lignification {unknown}
 d - a potion of might
 g - a potion of brilliance
 h - 2 potions of attraction {unknown}
 m - a potion of haste {unknown}


   Skills:
 - Level 3.6 Fighting
 - Level 5.0 Long Blades
 * Level 6.6 Armour
 - Level 3.6 Shields


You had 4 spell levels left.
You didn't know any spells.
Your spell library was empty.

Dungeon Overview and Level Annotations

Branches:
Dungeon (3/15)

Altars:
Uskayaw


Innate Abilities, Weirdness & Mutations

You have a pair of horns on your head.
You reflexively headbutt those who attack you in melee.


Message History

The magic dart hits you.
Unknown command.
Unknown command.
You barely miss something.
You feel very sick.
An orc wizard appears from thin air!
Reactivating autopickup.
The orc wizard gestures at you while chanting.
The magic dart hits you.
You hit the orc wizard. Your headbutt misses the orc wizard.
The orc wizard is heavily wounded.
You feel very sick.
The orc wizard hits you but does no damage.
You are lethally poisoned!
You barely miss the orc wizard.
You headbutt the orc wizard, but do no damage.
The orc wizard is heavily wounded.
* * * LOW HITPOINT WARNING * * *
You feel very sick.
The orc wizard gestures at you while chanting.
You block the puff of flame. The orc wizard barely misses you.
Unknown command.
You completely miss the orc wizard.
The orc wizard is heavily wounded.
* * * LOW HITPOINT WARNING * * *
You feel very sick. You block the orc wizard's attack.
Your ring mail prevents you from hitting the orc wizard.
The orc wizard is heavily wounded.
* * * LOW HITPOINT WARNING * * *
You feel sick.
The orc wizard points at you and mumbles some strange words.
You resist with some effort.
The orc wizard hits you with a +2 dagger of venom.
* * * LOW HITPOINT WARNING * * *
You are more poisoned.
Unknown command.
It was a potion of brilliance.
You feel clever all of a sudden.
You die...

#########
#.......#
#.#####.#
######.#
#.#
#......#
#.#
#.######
#.# #@#
#># #o#
#.### #o#
#...#


Jo# ###.# ..############.# ................# ###########.##..# #.##..# #<##..#
You could see an orc wizard, 2 orcs and an endoplasm.

Vanquished Creatures
  A phantom (D:3)
  Natasha (thrice) (D:2)
  An orc wizard (D:3)
  An adder (D:2)
  2 worms (D:2)
  An orc (D:3)
  5 endoplasms
  2 giant cockroaches
  5 goblins
  A hobgoblin (D:1)
  19 jackals
  3 quokkas
  2 ball pythons (D:1)
  5 bats
  A frilled lizard (D:1)
  6 rats
58 creatures vanquished.

Notes
Turn   | Place    | Note
-------+----------+-------------------------------------------
     0 | D:1      | gruber the Minotaur Fighter began the quest for the Orb.
     0 | D:1      | Reached XP level 1. HP: 19/19 MP: 0/0
   198 | D:1      | Reached XP level 2. HP: 18/26 MP: 1/1
   472 | D:1      | Reached XP level 3. HP: 27/31 MP: 2/2
  1037 | D:2      | Reached skill level 5 in Long Blades
  1227 | D:2      | Found a hide-covered altar of Uskayaw.
  1270 | D:2      | Reached skill level 4 in Armour
  1270 | D:2      | Reached XP level 4. HP: 38/39 MP: 3/3
  1581 | D:2      | Noticed Natasha
  1585 | D:2      | Killed Natasha
  1975 | D:2      | Noticed Natasha
  1986 | D:2      | Killed Natasha
  1987 | D:2      | Reached skill level 5 in Armour
  2009 | D:2      | Noticed Natasha
  2020 | D:2      | Killed Natasha
  2021 | D:2      | Reached XP level 5. HP: 38/45 MP: 4/4
  2101 | D:3      | Noticed a phantom
  2108 | D:3      | Killed a phantom
  2109 | D:3      | Reached skill level 6 in Armour
  2275 | D:3      | HP: 1/45 [orc wizard (2)]
  2276 | D:3      | Succumbed to an orc wizard's poison

Illustrated notes

Levels and vault maps discovered:
D:1:      dpeg_arrival_lava_temple_mockup, layout_rooms, minmay_misc_feat_rows
D:2:      layout_basic, basic_altar, uniq_natasha
D:3:      layout_loops_ring, gammafunk_temple_overflow_arena, dk_noncrumbling_2,
          uniq_robin

Skill      XL: |  1  2  3  4  5 |
---------------+----------------+-----
Long Blades    | 3 4 5 |  5.0
Armour         | 4 5 6 |  6.6
Fighting       | |  3.6
Shields        | |  3.6

Action                   |  1- 3 |  4- 6 || total
-------------------------+-------+-------++-------
Melee: Long sword        |   102 |    50 ||   152
       Headbutt          |    18 |     7 ||    25
       Unarmed           |       |     3 ||     3
  Use: Potion            |       |     1 ||     1
Armor: Scale mail        |    35 |       ||    35
       Ring mail         |    18 |    18 ||    36
Dodge: Dodged            |    41 |    10 ||    51
Block: Kite shield       |    77 |    16 ||    93
       Rpst.: Long sword |     5 |     1 ||     6

Table legend: (Time is in decaauts)
 A = Elapsed time spent in this place.
 B = Non-inter-level travel time spent in this place.
 C = Inter-level travel time spent in this place.
 D = Time resting spent in this place.
 E = Time spent auto-exploring this place.
 F = Levels seen in this place.
 G = Mean time per level.
                   A        B        C        D        E       F      G
               +--------+--------+--------+--------+--------+-----+--------+
         Total |   2340 |   2059 |    281 |     14 |   1647 |   3 |  780.0 |
       Dungeon |   2340 |   2059 |    281 |     14 |   1647 |   3 |  780.0 |
               +--------+--------+--------+--------+--------+-----+--------+

Top non-repeatable levels by time:
     D:2: 1398 daAuts
     D:1: 730 daAuts
     D:3: 210 daAuts
